| TOP OF THE 1ST |
|
Columbia Fireflies batting - Pitching for Jacksonville Suns : RHP Jorge Lara
|
|
Pitching: RHP Jorge Lara
|
|
|
Batting: RHB Omar Novoa
|
0-0: Ball 1-0: SINGLE (Line Drive, 8LS, EV 101.2 MPH)
|
|
Batting: RHB Elias Urbina
|
0-0: Foul Ball, location: 2F 0-1: Fly out, F4 (Popup, 3, EV 75.0 MPH)
|
|
Batting: SHB Masatoshi Akahoshi
|
0-0: Called Strike 0-1: Called Strike Omar Novoa steals 2nd base 0-2: Foul Ball, location: 2F 0-2: Ball 1-2: Ball 2-2: Strikes out looking
|
|
Batting: RHB Jose Lara
|
0-0: Ball 1-0: Called Strike 1-1: Foul Ball, location: 2F 1-2: Ball 2-2: Strikes out looking
|
| Top of the 1st over - 0 runs, 1 hit, 0 errors, 1 left on base; Columbia 0 - Jacksonville 0 |
| BOTTOM OF THE 1ST |
|
Jacksonville Suns batting - Pitching for Columbia Fireflies : RHP Andy Carrell
|
|
Pitching: RHP Andy Carrell
|
|
|
Batting: RHB Boof Howell
|
0-0: Called Strike 0-1: Ground out 6-3 (Groundball, 6, EV 85.0 MPH)
|
|
Batting: RHB Miguel Velasco
|
0-0: Ball 1-0: Foul Ball, location: 2F 1-1: Called Strike 1-2: Ball 2-2: Ball 3-2: SINGLE (Groundball, 34D, EV 94.4 MPH)
|
|
Batting: LHB Matt McKeon
|
0-0: Grounds into double play, 5-4-3 (Groundball, 5S, EV 93.1 MPH)
|
| Bottom of the 1st over - 0 runs, 1 hit, 0 errors, 0 left on base; Columbia 0 - Jacksonville 0 |
| TOP OF THE 2ND |
|
Columbia Fireflies batting - Pitching for Jacksonville Suns : RHP Jorge Lara
|
|
Batting: RHB Larry Shoop
|
0-0: Ball 1-0: Swinging Strike 1-1: Swinging Strike 1-2: Ball 2-2: Foul Ball, location: 2F 2-2: Strikes out swinging
|
|
Batting: RHB Dan Muse
|
0-0: Foul Ball, location: 2F 0-1: Ball 1-1: Ball 2-1: Ground out 5-3 (Groundball, 5, EV 85.0 MPH)
|
|
Batting: RHB Fathi Addae
|
0-0: Ball 1-0: Ball 2-0: Called Strike 2-1: Called Strike 2-2: Ball 3-2: Ground out 6-3 (Groundball, 6, EV 90.0 MPH)
|
| Top of the 2nd over - 0 runs, 0 hits, 0 errors, 0 left on base; Columbia 0 - Jacksonville 0 |
| BOTTOM OF THE 2ND |
|
Jacksonville Suns batting - Pitching for Columbia Fireflies : RHP Andy Carrell
|
|
Batting: RHB Akira Suzuki
|
0-0: Ground out 4-3 (Groundball, 4S, EV 81.2 MPH)
|
|
Batting: LHB Dong-u Chang
|
0-0: Called Strike 0-1: Swinging Strike 0-2: Ball 1-2: Ball 2-2: Strikes out looking
|
|
Batting: RHB Larry LeFever
|
0-0: Called Strike 0-1: Ball 1-1: Ground out 5-3 (Groundball, 56, EV 88.1 MPH)
|
| Bottom of the 2nd over - 0 runs, 0 hits, 0 errors, 0 left on base; Columbia 0 - Jacksonville 0 |
| TOP OF THE 3RD |
|
Columbia Fireflies batting - Pitching for Jacksonville Suns : RHP Jorge Lara
|
|
Batting: RHB Andy Carrell
|
0-0: Called Strike 0-1: Swinging Strike 0-2: Strikes out looking
|
|
Batting: RHB David Reyna
|
0-0: Called Strike 0-1: Ball 1-1: Called Strike 1-2: Ball 2-2: Strikes out swinging
|
|
Batting: RHB Omar Novoa
|
0-0: Ball 1-0: Ball 2-0: Ball 3-0: Called Strike 3-1: Foul Ball, location: 2F 3-2: Foul Ball, location: 2F 3-2: Base on Balls
|
|
Batting: RHB Elias Urbina
|
0-0: DOUBLE (Line Drive, 89M, EV 91.2 MPH) Omar Novoa to third Runner from 3rd tries for Home, SAFE, throw by RF to home
|
|
Batting: SHB Masatoshi Akahoshi
|
0-0: Fly out, F7 (Flyball, 7, EV 90.6 MPH)
|
| Top of the 3rd over - 1 run, 1 hit, 0 errors, 1 left on base; Columbia 1 - Jacksonville 0 |
| BOTTOM OF THE 3RD |
|
Jacksonville Suns batting - Pitching for Columbia Fireflies : RHP Andy Carrell
|
|
Batting: RHB Tom Thompson
|
0-0: Ball 1-0: Foul Ball, location: 2F 1-1: Ground out 6-3 (Groundball, 6, EV 106.2 MPH)
|
|
Batting: SHB Matt Moore
|
0-0: Ball 1-0: Called Strike 1-1: Foul Ball, location: 2F 1-2: Strikes out swinging
|
|
Batting: RHB Alberto Bravo
|
0-0: Ball 1-0: Called Strike 1-1: Ball 2-1: SINGLE (Line Drive, 4D, EV 106.2 MPH)
|
|
Batting: RHB Boof Howell
|
0-0: DOUBLE (Line Drive, 7LM, EV 98.8 MPH) Alberto Bravo to third Runner from 3rd tries for Home, SAFE, throw by LF to trailing runner, SAFE at third!
|
|
Batting: RHB Miguel Velasco
|
0-0: Ground out 5-3 (Groundball, 56, EV 88.1 MPH)
|
| Bottom of the 3rd over - 1 run, 2 hits, 0 errors, 1 left on base; Columbia 1 - Jacksonville 1 |
| TOP OF THE 4TH |
|
Columbia Fireflies batting - Pitching for Jacksonville Suns : RHP Jorge Lara
|
|
Batting: RHB Jose Lara
|
0-0: Ball 1-0: Ball 2-0: Ground out 6-3 (Groundball, 6MS, EV 82.5 MPH)
|
|
Batting: RHB Larry Shoop
|
0-0: Called Strike 0-1: Foul Ball, location: 2F 0-2: Strikes out swinging
|
|
Batting: RHB Dan Muse
|
0-0: Called Strike 0-1: Ball 1-1: Swinging Strike 1-2: Strikes out swinging
|
| Top of the 4th over - 0 runs, 0 hits, 0 errors, 0 left on base; Columbia 1 - Jacksonville 1 |
| BOTTOM OF THE 4TH |
|
Jacksonville Suns batting - Pitching for Columbia Fireflies : RHP Andy Carrell
|
|
Batting: LHB Matt McKeon
|
0-0: Ball 1-0: Ball 2-0: Called Strike 2-1: Called Strike 2-2: Foul Ball, location: 2F 2-2: Ball 3-2: Ground out 5-3 (Groundball, 6, EV 103.8 MPH)
|
|
Batting: RHB Akira Suzuki
|
0-0: Foul Ball, location: 2F 0-1: Ball 1-1: Called Strike 1-2: Foul Ball, location: 2F 1-2: Ball 2-2: Foul Ball, location: 2F 2-2: Foul Ball, location: 2F 2-2: Foul Ball, location: 2F 2-2: Fly out, F6 (Line Drive, 6, EV 65.6 MPH)
|
|
Batting: LHB Dong-u Chang
|
0-0: Ground out 6-3 (Groundball, P, EV 91.9 MPH)
|
| Bottom of the 4th over - 0 runs, 0 hits, 0 errors, 0 left on base; Columbia 1 - Jacksonville 1 |
| TOP OF THE 5TH |
|
Columbia Fireflies batting - Pitching for Jacksonville Suns : RHP Jorge Lara
|
|
Batting: RHB Fathi Addae
|
0-0: Ball 1-0: Ball 2-0: Ground out U3 (Groundball, 34S, EV 87.5 MPH)
|
|
Batting: RHB Andy Carrell
|
0-0: Foul Ball, location: 2F 0-1: Foul Ball, location: 2F 0-2: Strikes out swinging
|
|
Batting: RHB David Reyna
|
0-0: Called Strike 0-1: Ball 1-1: Swinging Strike 1-2: Ball 2-2: Ball 3-2: Foul Ball, location: 2F 3-2: Foul Ball, location: 2F 3-2: Foul Ball, location: 2F 3-2: Strikes out looking
|
| Top of the 5th over - 0 runs, 0 hits, 0 errors, 0 left on base; Columbia 1 - Jacksonville 1 |
| BOTTOM OF THE 5TH |
|
Jacksonville Suns batting - Pitching for Columbia Fireflies : RHP Andy Carrell
|
|
Batting: RHB Larry LeFever
|
0-0: Ball 1-0: SINGLE (Groundball, 6M, EV 91.2 MPH) (infield hit)
|
|
Batting: RHB Tom Thompson
|
0-0: Ball Wild Pitch! Larry LeFever to second 1-0: Ball 2-0: Ball 3-0: Called Strike 3-1: Ground out 6-3 (Groundball, 6, EV 106.9 MPH)
|
|
Batting: SHB Matt Moore
|
0-0: Foul Ball, location: 2F 0-1: Ball 1-1: Ground out 1-3 (Groundball, 15S, EV 71.2 MPH)
|
|
Batting: RHB Alberto Bravo
|
0-0: Swinging Strike 0-1: Ball 1-1: Ball 2-1: Foul Ball, location: 2F 2-2: Ball 3-2: Strikes out looking
|
| Bottom of the 5th over - 0 runs, 1 hit, 0 errors, 1 left on base; Columbia 1 - Jacksonville 1 |
| TOP OF THE 6TH |
|
Columbia Fireflies batting - Pitching for Jacksonville Suns : RHP Jorge Lara
|
|
Batting: RHB Omar Novoa
|
0-0: Ball 1-0: Foul Ball, location: 2F 1-1: Ball 2-1: Ground out 3-1 (Groundball, 34, EV 106.9 MPH)
|
|
Batting: RHB Elias Urbina
|
0-0: Called Strike 0-1: Swinging Strike 0-2: Fly out, F9 (Flyball, 9S, EV 85.6 MPH)
|
|
Batting: SHB Masatoshi Akahoshi
|
0-0: Foul Ball, location: 2F 0-1: Called Strike 0-2: Foul Ball, location: 2F 0-2: Ball 1-2: Ground out 6-3 (Groundball, 6D, EV 98.1 MPH)
|
| Top of the 6th over - 0 runs, 0 hits, 0 errors, 0 left on base; Columbia 1 - Jacksonville 1 |
| BOTTOM OF THE 6TH |
|
Jacksonville Suns batting - Pitching for Columbia Fireflies : RHP Andy Carrell
|
|
Batting: RHB Boof Howell
|
0-0: Ball 1-0: Swinging Strike 1-1: Ball 2-1: Foul Ball, location: 2F 2-2: Foul Ball, location: 2F 2-2: Strikes out looking
|
|
Batting: RHB Miguel Velasco
|
0-0: Ground out 6-3 (Groundball, 6S, EV 66.2 MPH)
|
|
Batting: LHB Matt McKeon
|
0-0: Foul Ball, location: 2F 0-1: Foul Ball, location: 2F 0-2: Ball 1-2: Foul Ball, location: 2F 1-2: Foul Ball, location: 2F 1-2: Ball 2-2: Fly out, F9 (Flyball, 9LD, EV 92.5 MPH)
|
| Bottom of the 6th over - 0 runs, 0 hits, 0 errors, 0 left on base; Columbia 1 - Jacksonville 1 |
| TOP OF THE 7TH |
|
Columbia Fireflies batting - Pitching for Jacksonville Suns : RHP Jorge Lara
|
|
Batting: RHB Jose Lara
|
0-0: Called Strike 0-1: SINGLE (Groundball, 56D, EV 100.6 MPH)
|
|
Batting: RHB Larry Shoop
|
0-0: Swinging Strike 0-1: Swinging Strike 0-2: Strikes out swinging
|
|
Batting: RHB Dan Muse
|
0-0: Ball 1-0: Ball 2-0: Ball 3-0: Base on Balls Jose Lara to second
|
|
Pitching: RHP Campbell Wagenmakers
|
|
|
Pinch Hitting: LHB Tony Leyba
|
0-0: Ball 1-0: Ball 2-0: Called Strike 2-1: Fly out, F9 (Flyball, 9, EV 91.9 MPH) Runner from 2nd tags up, SAFE at 3rd with throw by RF
|
|
Batting: RHB Andy Carrell
|
0-0: Ball 1-0: Foul Ball, location: 2F 1-1: Fly out, F8 (Flyball, 89D, EV 91.9 MPH)
|
| Top of the 7th over - 0 runs, 1 hit, 0 errors, 2 left on base; Columbia 1 - Jacksonville 1 |
| BOTTOM OF THE 7TH |
|
Jacksonville Suns batting - Pitching for Columbia Fireflies : RHP Andy Carrell
|
|
Now at 1B: Tony Leyba
|
|
|
Now at 2B: Dan Muse
|
|
|
Now at SS: Masatoshi Akahoshi
|
|
|
Batting: RHB Akira Suzuki
|
0-0: Ball 1-0: Called Strike 1-1: Ball 2-1: Foul Ball, location: 2F 2-2: Strikes out looking
|
|
Pitching: LHP Ricardo Chavez
|
|
|
Batting: LHB Dong-u Chang
|
0-0: Called Strike 0-1: Ball 1-1: Ball 2-1: Ball 3-1: Swinging Strike 3-2: Ground out 5-3 (Groundball, 15, EV 78.8 MPH)
|
|
Pitching: RHP Marvin Merino
|
|
|
Batting: RHB Larry LeFever
|
0-0: Ball 1-0: Ground out U3 (Groundball, 34, EV 80.0 MPH)
|
| Bottom of the 7th over - 0 runs, 0 hits, 0 errors, 0 left on base; Columbia 1 - Jacksonville 1 |
| TOP OF THE 8TH |
|
Columbia Fireflies batting - Pitching for Jacksonville Suns : RHP Campbell Wagenmakers
|
|
Batting: RHB David Reyna
|
0-0: Ball 1-0: Ball 2-0: Called Strike 2-1: Foul Ball, location: 2F 2-2: Strikes out looking
|
|
Pinch Hitting: SHB Justin Wallace
|
0-0: Called Strike 0-1: Foul Ball, location: 2F 0-2: Ball 1-2: Ball 2-2: Ball 3-2: Foul Ball, location: 2F 3-2: Base on Balls
|
|
Batting: RHB Elias Urbina
|
0-0: Ball 1-0: Ball 2-0: Called Strike 2-1: Called Strike 2-2: Grounds into double play, 4-6-3 (Groundball, 4S, EV 86.2 MPH)
|
| Top of the 8th over - 0 runs, 0 hits, 0 errors, 0 left on base; Columbia 1 - Jacksonville 1 |
| BOTTOM OF THE 8TH |
|
Jacksonville Suns batting - Pitching for Columbia Fireflies : RHP Marvin Merino
|
|
Now at 3B: Jose Lara
|
|
|
Now in RF: Justin Wallace
|
|
|
Batting: RHB Tom Thompson
|
0-0: SINGLE (Groundball, 6MD, EV 99.4 MPH)
|
|
Batting: SHB Matt Moore
|
0-0: Ball 1-0: Called Strike Tom Thompson steals 2nd base 1-1: Intentional Walk
|
|
Batting: RHB Alberto Bravo
|
0-0: Bunted foul 0-1: Bunt missed! 0-2: Ball 1-2: Ball 2-2: DOUBLE (Flyball, 78D, EV 95.6 MPH) Tom Thompson scores Matt Moore to third
|
|
Batting: RHB Boof Howell
|
0-0: Called Strike 0-1: Ball 1-1: Swinging Strike 1-2: Strikes out swinging
|
|
Batting: RHB Miguel Velasco
|
0-0: Foul Ball, location: 2F 0-1: Swinging Strike 0-2: Strikes out looking
|
|
Batting: LHB Matt McKeon
|
0-0: Ball 1-0: Fly out, F7 (Flyball, 7LMF, EV 93.1 MPH)
|
| Bottom of the 8th over - 1 run, 2 hits, 0 errors, 2 left on base; Columbia 1 - Jacksonville 2 |
| TOP OF THE 9TH |
|
Columbia Fireflies batting - Pitching for Jacksonville Suns : RHP Campbell Wagenmakers
|
|
Pitching: RHP Chris Forster
|
|
|
Batting: SHB Masatoshi Akahoshi
|
0-0: Swinging Strike 0-1: Called Strike 0-2: Strikes out looking
|
|
Batting: RHB Jose Lara
|
0-0: Ground out 6-3 (Groundball, 6, EV 77.5 MPH)
|
|
Pinch Hitting: LHB Preston Knaak
|
0-0: Ground out 4-3 (Groundball, 4, EV 96.2 MPH)
|
| Top of the 9th over - 0 runs, 0 hits, 0 errors, 0 left on base; Columbia 1 - Jacksonville 2 |
|